 Dungeon Crawl Stone Soup version bcrawl-1.28.1b (webtiles) character file.

Game seed: 12833388589628802497

248847 Morbidden the Zephyrmancer (level 8, -4/59 HPs)
             Began as a Djinni Air Elementalist on Dec 20, 2020.
             Slain by a bullfrog (10 damage)
             ... on level 5 of the Dungeon.
             The game lasted 00:08:27 (5666 turns).

Morbidden the Zephyrmancer (DjAE)                   Turns: 5666, Time: 00:08:27

Health: -4/59      AC:  5    Str: 11    XL:     8   Next: 74%
Magic:  4/24       EV: 11    Int: 20    God:
Gold:   411        SH:  0    Dex: 11    Spells: 22/32 levels left

rFire    + . .     SeeInvis .   n - +0 short sword (elec)
rCold    + . .     Gourm    .   (no shield)
rNeg     . . .     Faith    .   l - +0 ring mail
rPois    .         Spirit   .   (no helmet)
rElec    .         Reflect  .   v - scarf {rC+ rF+}
rCorr    .         Harm     .   (no gloves)
MR       .....     Rnd*Rage +   (boots unavailable)
Stlth    +.........             (no amulet)
HPRegen  0.19/turn              (no ring)
MPRegen  0.19/turn              (no ring)

@: swift, flying, very quick
A: never pass out, berserk 2, blink, blurry vision 2, wild magic 3, MP-powered
wands, floating
a: Blink


You were on level 5 of the Dungeon.
You were hungry.

You visited 1 branch of the dungeon, and saw 6 of its levels.

You collected 411 gold pieces.

Inventory:

Hand Weapons
 f - a +0 dagger
 n - a +0 short sword of electrocution (weapon)
 u - a +1 dagger of venom
Armour
 l - a +0 ring mail (worn)
 v - a scarf of resistance (worn)
Wands
 t - a wand of polymorph (9)
Scrolls
 b - 5 scrolls of identify
 h - a scroll of enchant armour {unknown}
 i - 3 scrolls of teleportation
 j - 2 scrolls of remove curse {unknown}
 k - 2 scrolls of blinking {unknown}
 o - 4 scrolls of amnesia {unknown}
 p - 3 scrolls of magic mapping {unknown}
 r - a scroll of fear {unknown}
Potions
 a - a potion of ambrosia {unknown}
 d - a potion of heal wounds {unknown}
 g - a potion of mutation {unknown}
 m - a potion of haste {unknown}
 q - 2 potions of curing
 s - a potion of agility {unknown}
Comestibles
 e - 14 rations {!d}


   Skills:
 * Level 1.6 Fighting
 * Level 0.9 Armour
 * Level 2.9 Dodging
 + Level 1.6 Stealth
 * Level 12.9 Spellcasting
 * Level 2.4 Conjurations
 * Level 13.2 Air Magic


You had 22 spell levels left.
You knew the following spells:

 Your Spells              Type           Power        Failure   Level  Hunger
a - Airstrike             Air            #######...   4%          4    None
b - Static Discharge      Air            #######.     2%          3    None
c - Shock                 Conj/Air       #####        4%          1    None
d - Swiftness             Chrm/Air       ######..     8%          2    None

Your spell library contained the following spells:

 Spells                   Type           Power        Failure   Level  Hunger
 Lightning Bolt           Conj/Air       ######....   36%         5    ##.....
 Dazzling Orbs            Conj/Hex       ####...      47%         3    None
 Confuse                  Hex            ###.....     63%         3    None
 Petrify                  Tmut/Erth      ###.......   92%         4    None
 Yara's Violent Unravell  Hex/Tmut       ###.......   92%         4    None
 Metabolic Englaciation   Hex/Ice        ###.......   99%         5    ##.....
 Mana Rupture             Conj/Hex       ####......   100%        7    #####..


Dungeon Overview and Level Annotations

Branches:
Dungeon (6/12)
 Temple: D:4-7

Altars:
The Shining One


Innate Abilities, Weirdness & Mutations

You never pass out after going berserk.
You often lose your temper in combat.
You can translocate small distances at will.
Scrolls take you longer to read.
Your spells are much harder to cast, but much more powerful.
You expend magic power (3 MP) to strengthen your wands.
Your body floats in the air.


Message History

* * * LOW HITPOINT WARNING * * *
The centaur warrior skeleton misses you.
You fly upwards.
There is a stone staircase leading down here.
No path to travel!
You are too injured to fight recklessly!
You feel better. The bullfrog hits you!
* * * LOW HITPOINT WARNING * * *
The bullfrog hits you.
* * * LOW HITPOINT WARNING * * *
No path to travel!
You feel more buoyant. The bullfrog hits you.
* * * LOW HITPOINT WARNING * * *
The bullfrog hits you.
* * * LOW HITPOINT WARNING * * *
Things that are here:
a +0 robe; a +0 scythe The bullfrog hits you!
You die...

########.# #.##.# #.# #<#
#.##.# #.# #.# #.##.# #.#
#.#####.##.# #.#
#..........# #.#
#######.#### #.#
#######.#######.#
###########...............#
.....>......[..F@.#########
###################


You could see a bullfrog.

Vanquished Creatures
  Sigmund (D:5)
  An ice beast (D:4)
  3 ogres
  2 centaurs (D:5)
  A big kobold (D:4)
  A scorpion (D:4)
  A killer bee (D:5)
  2 howler monkeys
  3 crimson imps
  3 hounds
  A jelly (D:6)
  3 orc wizards (D:4)
  A bullfrog skeleton (D:5)
  Ijyb (D:4)
  An iguana (D:5)
  3 worker ants
  9 adders
  2 oozes (D:3)
  An adder skeleton (D:5)
  A dart slug (D:3)
  3 worms
  3 leopard geckos
  12 orcs
  5 bats
  2 giant cockroaches
  6 goblins
  7 hobgoblins
  5 jackals
  2 quokkas
  A ball python (D:1)
  3 frilled lizards
  7 kobolds
  9 rats
106 creatures vanquished.

Notes
Turn   | Place    | Note
-------+----------+-------------------------------------------
     0 | D:1      | Morbidden the Djinni Air Elementalist began the quest for
                  | the Orb.
     0 | D:1      | Reached XP level 1. HP: 14/14 MP: 4/4
   332 | D:1      | Reached skill level 4 in Air Magic
   387 | D:1      | Reached XP level 2. HP: 20/20 MP: 4/6
   795 | D:1      | Found a glowing golden altar of the Shining One.
  1333 | D:2      | Reached XP level 3. HP: 26/26 MP: 2/8
  1425 | D:2      | Learned a level 3 spell: Static Discharge
  1519 | D:2      | Noticed a phantom
  2456 | D:3      | Reached skill level 12 in Air Magic
  2456 | D:3      | Gained mutation: Your spells are harder to cast, but more
                  | powerful. [Djinni growth]
  2456 | D:3      | Gained mutation: You can translocate small distances at
                  | will. [Djinni growth]
  2456 | D:3      | Reached XP level 4. HP: 34/34 MP: 5/9
  2457 | D:3      | Reached XP level 5. HP: 39/39 MP: 5/19
  2505 | D:3      | Learned a level 4 spell: Airstrike
  2693 | D:3      | Learned a level 2 spell: Swiftness
  2813 | D:3      | Reached XP level 6. HP: 46/46 MP: 16/21
  3324 | D:4      | Reached skill level 1 in Fighting
  3526 | D:4      | Reached XP level 7. HP: 52/52 MP: 6/22
  4048 | D:4      | Reached skill level 13 in Air Magic
  4079 | D:4      | Noticed Ijyb
  4081 | D:4      | Killed Ijyb
  4481 | D:5      | Entered Level 5 of the Dungeon
  4562 | D:5      | Gained mutation: Your spells are much harder to cast, but
                  | much more powerful. [Djinni growth]
  4562 | D:5      | Reached XP level 8. HP: 59/59 MP: 14/24
  4864 | D:5      | Noticed Sigmund
  4888 | D:5      | Killed Sigmund
  5521 | D:6      | Noticed a two-headed ogre
  5666 | D:5      | Slain by a bullfrog

Skill      XL: |  1  2  3  4  5  6  7 |
---------------+----------------------+-----
Air Magic      | 4 12 13 | 13.2
Conjurations   | 2 |  2.4
Spellcasting   | 12 | 12.9
Fighting       | 1 |  1.6
Armour         | |  0.9
Dodging        | |  2.9
Stealth        | |  1.6

Action                   |  1- 3 |  4- 6 |  7- 9 || total
-------------------------+-------+-------+-------++-------
Melee: Unarmed           |     4 |       |       ||     4
       Dagger            |     9 |       |       ||     9
       Short sword       |     1 |       |     6 ||     7
 Cast: Shock             |   106 |       |       ||   106
       Airstrike         |       |    32 |    60 ||    92
  Use: Potion            |     1 |     1 |     2 ||     4
       Scroll            |     1 |     1 |     1 ||     3
  Eat: Chunk             |     6 |     5 |     8 ||    19
Armor: Robe              |     5 |       |       ||     5
       Ring mail         |       |       |     5 ||     5
Dodge: Dodged            |    21 |       |    15 ||    36
